Map: Catalyst LE

Players

MarioMM - Winner!

  • Race: Terran Terran
  • League: Diamond
  • Spawn Location: 11:00

Zyklon

  • Race: Protoss Protoss
  • League: Diamond
  • Spawn Location: 5:00

VOD

Have the link to the VOD?

Description

Time

  • Played on: July 16, 2018, 6:11 p.m.
  • Length: 18:12
Show
View Real Time Build Order
Export as new Build Order

MarioMM Terran - Winner!

Build Orders: MMM Bio 

Get SALT Encoding   

  12  0:01  SCV  
  13  0:13  SCV  
  14  0:17  Supply Depot  
  14  0:28  SCV  
  15  0:40  SCV  
  15  0:42  Barracks  
  16  0:47  Refinery  
  16  0:52  SCV  
  17  1:04  SCV  
  18  1:16  SCV  
  19  1:27  Refinery  
  19  1:28  SCV  
  20  1:38  Supply Depot  
  20  1:40  SCV, Reaper  
  21  1:58  Orbital Command  
  21  2:15  Factory  
  20  2:23  SCV, Barracks Reactor  
  20  2:25  Command Center  
  21  2:35  SCV  
  22  2:48  SCV  
  23  3:00  SCV  
  23  3:03  Supply Depot  
  24  3:12  SCV, Barracks  
  25  3:13  Barracks Tech Lab, Hellion x2  
  29  3:24  SCV  
  30  3:36  SCV  
  31  3:50  SCV  
  31  3:58  Cyclone x2  
  37  4:06  Stimpack, Barracks Reactor, Marine  
  38  4:10  Barracks  
  38  4:16  Orbital Command  
  38  4:19  SCV  
  39  4:30  Engineering Bay  
  39  4:37  SCV  
  40  4:43  SCV  
  40  4:44  Factory Tech Lab  
  41  4:46  Marine  
  41  4:47  Marine x2  
  41  4:49  SCV  
  45  4:54  Supply Depot  
  45  4:55  SCV  
  45  4:59  Supply Depot  
  46  5:01  SCV  
  46  5:02  Terran Infantry Weapons Level 1  
  46  5:04  Siege Tank  
  46  5:05  Marine  
  46  5:06  Marine  
  52  5:07  Marine  
  52  5:09  Marine  
  54  5:15  Marine  
  54  5:16  SCV  
  54  5:17  Missile Turret  
  56  5:23  Supply Depot  
  56  5:26  Marine x2  
  58  5:31  Missile Turret  
  58  5:34  Missile Turret  
  58  5:35  Marine  
  58  5:36  Siege Tank, Marine  
  58  5:40  Marauder  
  65  5:43  Marine  
  65  5:44  Marine  
  65  5:45  SCV  
  65  5:47  SCV  
  69  5:53  Refinery  
  69  5:55  Marine x2  
  71  5:57  Starport  
  71  6:01  SCV  
  71  6:03  Marine x2  
  75  6:06  Marauder  
  75  6:07  Combat Shield  
  76  6:14  Supply Depot  
  76  6:16  Supply Depot  
  76  6:20  SCV x2  
  78  6:25  Refinery  
  78  6:36  Siege Tank, SCV  
  78  6:39  Supply Depot  
  82  6:40  Supply Depot  
  82  6:41  Supply Depot, SCV  
  83  6:47  Medivac  
  83  6:48  SCV  
  83  6:49  Marine x3  
  83  6:51  Marine  
  83  6:53  SCV  
  91  6:56  Terran Infantry Armor Level 1  
  90  7:03  Supply Depot  
  90  7:08  Bunker  
  57  7:19  Marine x3  
  57  7:20  Marauder  
  59  7:22  Siege Tank  
  59  7:28  Medivac  
  61  7:30  Supply Depot  
  61  7:32  SCV  
  61  7:33  SCV  
  63  7:40  Concussive Shells  
  63  7:41  Marauder, Command Center  
  65  7:47  SCV  
  65  7:48  SCV  
  67  7:55  Marine  
  67  7:56  Marine x3  
  67  7:57  Siege Tank  
  74  8:13  Marine x2  
  74  8:14  Marine x2  
  78  8:21  Liberator  
  78  8:31  Marine x3  
  78  8:32  Marine  
  78  8:33  Marauder  
  76  8:37  Siege Tank  
  82  8:46  Missile Turret  
  82  8:48  Supply Depot  
  82  8:49  Marine x4  
  82  8:51  Bunker  
  82  8:54  Marauder  
  89  8:55  SCV  
  89  8:56  Armory  
  89  9:07  Marine x4  
  93  9:15  Marauder  
  92  9:20  SCV  
  93  9:25  Command Center  
  93  9:35  SCV  
  93  9:38  SCV  
  95  9:43  Marine x3  
  95  9:44  Marauder, Marine, Barracks  
  95  9:45  Siege Tank  
  104  9:46  Terran Infantry Weapons Level 2, Barracks  
  104  9:51  Engineering Bay  
  104  9:55  Terran Ship Weapons Level 1  
  104  9:57  SCV x2  
  105  10:09  SCV  
  97  10:33  Marine  
  97  10:34  Marauder, Marine x3  
  81  10:50  Command Center  
  81  10:51  Marine x3  
  81  10:55  Marauder  
  83  10:57  Marine  
  79  11:09  Marine x3  
  79  11:11  Barracks Tech Lab, Barracks Reactor  
  80  11:15  Barracks, Marine  
  80  11:17  Marauder  
  80  11:18  Starport, Fusion Core  
  83  11:23  Starport Tech Lab  
  83  11:26  Starport Reactor  
  83  11:31  Starport  
  83  11:32  SCV, Marine x4  
  88  11:33  Marauder  
  88  11:38  Marauder, Terran Infantry Armor Level 2  
  72  12:06  Marine x2  
  72  12:07  Marauder, Siege Tank, Marine x2  
  81  12:13  Marine  
  81  12:14  Marauder, Marine  
  85  12:22  Terran Infantry Weapons Level 3  
  85  12:24  Marine  
  85  12:25  Starport Tech Lab  
  85  12:28  Starport Reactor  
  86  12:31  Barracks Reactor  
  86  12:37  SCV  
  86  12:40  Marine  
  86  12:41  Marauder  
  90  12:50  Refinery  
  90  12:52  Refinery  
  90  12:55  SCV x2  
  92  13:01  Planetary Fortress  
  92  13:04  Liberator x2  
  92  13:06  Liberator  
  92  13:08  Marine x4  
  92  13:09  Marauder  
  92  13:11  Advanced Ballistics  
  98  13:15  SCV x2  
  100  13:25  Medivac  
  111  13:27  Medivac  
  111  13:28  SCV  
  111  13:31  SCV  
  115  13:37  Marine x4  
  115  13:38  Marauder, Marine  
  115  13:40  SCV  
  123  13:46  Terran Ship Weapons Level 2  
  123  13:56  Marine  
  123  13:57  Marauder, Marine x6  
  123  13:58  Siege Tank  
  123  13:59  Terran Infantry Armor Level 3  
  123  14:02  Liberator  
  135  14:06  Liberator  
  135  14:07  Command Center  
  135  14:12  Missile Turret  
  135  14:16  Missile Turret  
  135  14:18  Sensor Tower  
  135  14:21  Liberator  
  141  14:31  SCV x2  
  141  14:32  SCV  
  141  14:37  Ghost Academy  
  147  14:44  Viking  
  148  14:59  Liberator x2  
  148  15:01  Liberator  
  139  15:14  Marauder, Marine x5, Ghost  
  139  15:16  Siege Tank  
  160  15:22  Supply Depot  
  160  15:23  Supply Depot  
  160  15:26  Personal Cloaking  
  160  15:32  Supply Depot  
  153  15:51  Refinery  
  153  15:55  Refinery, Missile Turret, SCV x2  
  153  15:56  SCV  
  156  15:57  Sensor Tower  
  156  15:58  Structure Armor  
  154  16:29  SCV x3  
  157  16:33  Planetary Fortress  
  157  16:38  Armory, Ghost  
  157  16:39  Starport, Marine  
  160  16:40  Marine  
  160  16:41  Starport  
  161  16:52  Nuke  
  161  16:59  Marine x3, Ghost  
  166  17:02  Siege Tank  
  166  17:03  Medivac  
  171  17:10  Supply Depot  
  145  17:33  Supply Depot  
  145  17:54  Ghost Academy  
  145  17:56  Ghost Academy  
Show
View Real Time Build Order
Export as new Build Order

Zyklon Protoss 

Build Orders:  

Get SALT Encoding   

  12  0:02  Probe  
  13  0:15  Probe  
  14  0:27  Probe  
  14  0:28  Pylon  
  15  0:42  Assimilator  
  15  0:46  Probe  
  16  0:58  Probe  
  16  1:03  Gateway  
  17  1:06  Probe  
  18  1:56  Probe  
  20  2:08  Probe  
  19  2:17  Cybernetics Core  
  19  2:20  Assimilator, Probe  
  20  2:27  Pylon  
  20  2:30  Zealot  
  20  2:33  Nexus  
  20  2:35  Pylon  
  20  2:37  Gateway  
  22  2:40  Probe, Pylon  
  23  2:48  Probe  
  23  2:49  Adept  
  26  3:11  Twilight Council  
  26  3:13  Probe  
  26  3:18  Adept  
  29  3:20  Warp Gate  
  29  3:25  Probe  
  30  3:52  Stalker x2  
  30  3:54  Probe x2  
  36  4:05  Robotics Facility  
  36  4:06  Probe  
  36  4:07  Probe  
  36  4:08  Pylon  
  38  4:25  Pylon  
  38  4:27  Probe  
  38  4:28  Probe  
  40  4:35  Charge  
  40  4:39  Probe  
  40  4:40  Probe  
  40  4:41  Stalker  
  40  4:45  Sentry  
  46  4:46  Observer  
  46  4:51  Probe  
  46  4:52  Probe  
  49  5:04  Observer, Gateway  
  50  5:07  Gateway  
  50  5:11  Gateway  
  50  5:15  Gateway  
  50  5:19  Probe x2  
  52  5:31  Probe x2  
  54  5:38  Pylon  
  54  5:48  Immortal  
  58  6:05  Stalker x2  
  58  6:06  Stalker x2  
  58  6:07  Stalker  
  68  6:21  Warp Prism  
  70  6:48  Zealot x6  
  82  6:58  Immortal  
  68  7:24  Stalker x3  
  68  7:25  Stalker x3  
  68  7:27  Immortal  
  84  7:48  Pylon  
  84  7:50  Pylon  
  84  7:55  Pylon  
  80  8:14  Zealot x6  
  92  8:21  Observer  
  88  8:51  Blink  
  88  8:52  Probe x2  
  88  8:55  Assimilator  
  90  8:57  Assimilator, Stalker x3  
  90  8:58  Stalker x3  
  102  9:04  Probe x2  
  103  9:16  Probe x2  
  104  9:28  Probe  
  105  9:42  Stalker x2  
  109  9:51  Pylon  
  109  9:53  Pylon  
  109  9:57  Pylon  
  109  9:59  Pylon  
  109  10:03  Pylon  
  83  10:46  Stalker x3  
  83  10:47  Stalker  
  77  11:27  Nexus  
  77  11:28  Pylon  
  77  11:31  Pylon  
  77  11:38  Probe  
  77  11:39  Probe  
  65  12:17  Pylon  
  65  12:19  Nexus  
  65  12:21  Pylon  
  65  12:23  Pylon  
  65  12:30  Stalker x5  
  65  12:31  Stalker  
  65  12:33  Probe x2, Pylon  
  79  12:38  Pylon  
  79  12:45  Immortal, Probe x2, Pylon  
  85  12:53  Pylon  
  85  12:57  Probe x2  
  87  12:59  Stalker x2  
  87  13:00  Stalker x2  
  87  13:04  Assimilator, Zealot x2  
  99  13:07  Forge  
  99  13:09  Probe  
  99  13:11  Forge  
  100  13:24  Immortal  
  104  13:30  Observer  
  104  13:32  Pylon  
  104  13:34  Stalker x3, Zealot x2  
  106  13:35  Zealot  
  116  13:46  Pylon  
  116  14:14  Probe  
  117  14:20  Assimilator  
  117  14:21  Probe  
  117  14:23  Probe  
  118  14:25  Probe  
  118  14:26  Probe  
  118  14:28  Stalker x6, Protoss Ground Weapons Level 1  
  118  14:29  Probe  
  118  14:30  Immortal  
  137  14:35  Probe  
  137  14:37  Probe  
  140  14:38  Probe  
  140  14:44  Probe  
  142  14:47  Probe  
  139  15:08  Zealot x2  
  139  15:09  Zealot x4  
  151  15:27  Pylon  
  151  15:38  Pylon  
  151  15:40  Pylon  
  127  15:49  Stargate  
  125  15:50  Stargate  
  125  15:58  Zealot x2  
  125  15:59  Stalker x2  
  131  16:14  Assimilator  
  131  16:17  Assimilator  
  127  16:19  Robotics Bay  
  127  16:21  Gateway  
  127  16:23  Gateway  
  127  16:25  Oracle  
  123  16:26  Gateway  
  123  16:27  Gateway  
  123  16:28  Phoenix  
  123  16:30  Gateway  
  123  16:34  Gateway  
  123  16:39  Zealot x3  
  134  16:40  Zealot x3  
  140  16:50  Phoenix  
  142  17:02  Phoenix  
  142  17:08  Pylon  
  120  17:31  Zealot x5  
  120  17:32  Zealot  
  120  17:36  Phoenix  
  120  17:37  Phoenix  
Tags
 
Composition
MMM Bio
Matchup
PvT
Replay Pack
replaypack1
Spawn Locations
Cross Positions
Add a new tag
Caveats
  • Supply blocks, unpowered buildings, or Contaminate may cause inaccurate times.
  • Supply counts are checked every 10 seconds.